 Dungeon Crawl Stone Soup version 0.30.1-3-gfc49f6343a (webtiles) character file.

Game seed: 13183500347861135514

1380 Heoruswealwe the Thaumaturge (level 8, -4/41 HPs)
             Began as a Deep Elf Conjurer on July 26, 2023.
             Was an Initiate of Vehumet.
             Slain by Peloso's ghost (15 damage)
             ... on level 5 of the Dungeon.
             The game lasted 01:10:11 (6138 turns).

Heoruswealwe the Thaumaturge (Deep Elf Conjurer)    Turns: 6138, Time: 01:10:12

Health: -4/41      AC:  3    Str:  4    XL:     8   Next: 39%
Magic:  4/24       EV: 17    Int: 26    God:    Vehumet [......]
Gold:   327        SH:  0    Dex: 13    Spells: 4/27 levels left

rFire   . . .        b - +0 scimitar
rCold   . . .        (no shield)
rNeg    . . .        c - +0 robe
rPois   .            g - +0 helmet
rElec   .            (no cloak)
rCorr   +            (no gloves)
SInv    .            (no boots)
Will    .....        (no amulet)
Stlth   ++           k - +5 ring of evasion
HPRegen 0.26/turn    j - ring of resist corrosion
MPRegen 0.19/turn

%: no passive effects
@: no status effects
A: no striking features
a: Renounce Religion


You were on level 5 of the Dungeon.
You worshipped Vehumet.
Vehumet was noncommittal.
You visited 2 branches of the dungeon, and saw 8 of its levels.

You collected 371 gold pieces.
You spent 44 gold pieces at shops.

Inventory:

Hand Weapons
 b - a +0 scimitar (weapon)
 A - a +2 heavy war axe
Armour
 c - a +0 robe (worn)
 g - a +0 helmet (worn)
Magical Staves
 o - a staff of cold
Jewellery
 j - a ring of resist corrosion (right hand)
 k - a +5 ring of evasion (left hand)
Wands
 q - a wand of flame (20)
 B - a wand of mindburst (13)
Scrolls
 f - 2 scrolls of identify {unknown}
 h - a scroll of immolation {unknown}
 i - 2 scrolls of noise {unknown}
 p - 2 scrolls of enchant armour {unknown}
 w - a scroll of teleportation {unknown}
 x - 3 scrolls of enchant weapon {unknown}
 y - a scroll of fog {unknown}
 z - a scroll of summoning {unknown}
 C - 2 scrolls of fear {unknown}
Potions
 a - a potion of might {unknown}
 e - a potion of heal wounds
 l - 3 potions of degeneration {unknown}
 m - a potion of haste {unknown}
 n - a potion of brilliance {unknown}
 r - 2 potions of cancellation {unknown}
 s - 3 potions of lignification {unknown}
 t - a potion of resistance {unknown}
 u - a potion of flight {unknown}
 v - 2 potions of mutation {unknown}


   Skills:
 - Level 2.4 Dodging
 - Level 2.4 Stealth
 + Level 10.0 Spellcasting
 + Level 9.2 Conjurations


You had 4 spell levels left.
You knew the following spells:

 Your Spells              Type           Power      Damage    Failure   Level
a - Magic Dart            Conj           100%       1d8       1%          1
b - Foxfire               Conj/Fire      100%       2x1d9     1%          1
c - Shock                 Conj/Air       100%       1d9       1%          1
d - Searing Ray           Conj           100%       2d8       1%          2
e - Momentum Strike       Conj/Tloc      72%        3d10      1%          2
f - Dazzling Flash        Conj/Hex       72%        N/A       1%          3
g - Fulminant Prism       Conj/Hex       18%        3d11      7%          4
h - Iskenderun's Mystic   Conj/Tloc      36%        2d9       7%          4
i - Freezing Cloud        Conj/Ice/Air   14%        6-21      36%         5

Your spell library contained the following spells:

 Spells                   Type           Power      Damage    Failure   Level
 Apportation              Tloc           26%        N/A       4%          1
 Necrotise                Necr           52%        1d6       4%          1
 Summon Small Mammal      Summ           52%        N/A       4%          1
 Blink                    Tloc           26%        N/A       7%          2
 Lesser Beckoning         Tloc           26%        N/A       7%          2
 Portal Projectile        Hex/Tloc       26%        N/A       14%         3
 Tukima's Dance           Hex            13%        N/A       14%         3
 Olgreb's Toxic Radiance  Pois           13%        N/A       41%         4
 Starburst                Conj/Fire      18%        6d7       71%         6
 Blade Hands              Tmut           6%         N/A       77%         5
 Simulacrum               Ice/Necr       6%         N/A       100%        6
 Discord                  Hex            6%         N/A       100%        8
 Ignition                 Fire           6%         3d4       100%        8


Dungeon Overview and Level Annotations

Branches:
Dungeon (7/15)             Temple (1/1) D:4

Altars:
Ashenzari
Hepliaklqana
Nemelex Xobeh
Okawaru
Qazlal
Ru
Sif Muna
Trog
Uskayaw
Vehumet
Wu Jian
Xom
Zin
The Shining One

Shops:
D:5 (

Annotations:
D:5 Peloso's ghost, novice MiFi
D:6 Dowan, Duvessa


Message History

The spell is quite dangerous to miscast (7% risk of failure)!
Continue anyway?
You erupt in a blast of force!
The mystic blast hits Peloso's ghost but does no damage.
Peloso's ghost is heavily damaged.
Peloso's ghost misses you.
You hit Peloso's ghost but do no damage.
Peloso's ghost is heavily damaged.
Peloso's ghost hits you!
You hit Peloso's ghost.
Peloso's ghost is severely damaged.
Peloso's ghost closely misses you. Peloso's ghost hits you!
You feel much better. Peloso's ghost misses you.
You hit Peloso's ghost.
Peloso's ghost is severely damaged.
Peloso's ghost closely misses you.
You closely miss Peloso's ghost.
Peloso's ghost is severely damaged.
Peloso's ghost misses you.
You barely miss Peloso's ghost. Your punch misses Peloso's ghost.
Peloso's ghost is severely damaged.
Peloso's ghost completely misses you. Peloso's ghost closely misses you.
You hit Peloso's ghost.
Peloso's ghost is severely damaged.
Peloso's ghost misses you.
You hit Peloso's ghost.
Peloso's ghost is severely damaged.
Peloso's ghost hits you but does no damage.
Peloso's ghost hits you!
You slash Peloso's ghost!
Peloso's ghost is severely damaged.
Peloso's ghost hits you but does no damage.
You closely miss Peloso's ghost.
Peloso's ghost is severely damaged.
Peloso's ghost barely misses you.
You barely miss Peloso's ghost.
Peloso's ghost is severely damaged.
Peloso's ghost hits you!!
* * * LOW HITPOINT WARNING * * *
Peloso's ghost hits you!
You die...

########.......#########
#.#####.##....... #.# #.##.#####.
######.#####.##.# #.
#...............# #.
#.####.#####.##.# #. #.#
#.####...#.#####.
#.####......>......... #
#.##.@W..........##### ###
#.#..####.©.####...### ..#
###.#.##..#####..###..## #.#
#.....#.....(...#..##.## #.#
#.##.##.##..=###....#.## #.#
####.##.#.....#.....#.##.# #.#
#.......#..##..©..#...#..## #.#
#.##.##.#......#..##..#.###
..#####.##.#..##...#...#....#.##.


You could see Peloso's ghost.

Vanquished Creatures
  Prince Ribbit (D:5)
  2 ogres
  A centaur (D:5)
  A phantom (D:5)
  A scorpion (D:5)
  A gnoll sergeant (D:5)
  2 quasits (D:5)
  2 jellies
  2 orc priests
  2 sleepcaps
  Ijyb (D:5)
  3 orc wizards
  4 iguanas
  15 gnolls
  8 adders
  A white imp (D:3)
  A worm (D:3)
  2 dart slugs
  17 orcs
  7 ball pythons
  4 endoplasms
  5 giant cockroaches
  7 goblins
  6 hobgoblins
  4 jackals (D:2)
  5 quokkas
  3 bats (D:3)
  4 frilled lizards
  5 kobolds
  A quokka zombie (D:2)
  5 rats
123 creatures vanquished.

Vanquished Creatures (others)
  3 fulminant prisms (D:5)
3 creatures vanquished.

Grand Total: 126 creatures vanquished

Notes
Turn   | Place    | Note
-------+----------+-------------------------------------------
     0 | D:1      | Heoruswealwe the Deep Elf Conjurer began the quest for the
                  | Orb.
     0 | D:1      | Reached XP level 1. HP: 10/10 MP: 6/6
   391 | D:1      | Reached XP level 2. HP: 15/15 MP: 0/8
   394 | D:1      | Learned a level 2 spell: Searing Ray
   521 | D:1      | Found a faded altar of an unknown god.
   704 | D:2      | Learned a level 2 spell: Momentum Strike
   711 | D:2      | Reached skill level 4 in Spellcasting
   711 | D:2      | Reached skill level 5 in Conjurations
   711 | D:2      | Reached XP level 3. HP: 19/19 MP: 5/10
   715 | D:2      | Learned a level 3 spell: Dazzling Flash
   925 | D:2      | Reached XP level 4. HP: 24/24 MP: 3/12
   933 | D:2      | Learned a level 4 spell: Fulminant Prism
  1053 | D:2      | Reached skill level 5 in Spellcasting
  1402 | D:2      | Reached XP level 5. HP: 28/28 MP: 7/14
  1444 | D:2      | Got the Parchment of the Chilled Inferno
  1447 | D:2      | Learned a level 1 spell: Foxfire
  1738 | D:3      | Found a bloodstained altar of Trog.
  1845 | D:3      | Found a shimmering blue altar of Sif Muna.
  1855 | D:3      | Got Sif Muna's Secrets of Inhalation
  1859 | D:3      | Learned a level 1 spell: Shock
  1896 | D:3      | Noticed an ogre
  1901 | D:3      | Killed an ogre
  1902 | D:3      | Reached skill level 6 in Spellcasting
  1902 | D:3      | Reached XP level 6. HP: 32/32 MP: 1/17
  2941 | D:3      | Learned a level 4 spell: Iskenderun's Mystic Blast
  3028 | D:4      | Reached skill level 7 in Spellcasting
  3185 | D:4      | You fall into a shaft and drop 3 floors!
  3243 | D:6      | Noticed Dowan
  3278 | D:6      | Noticed Duvessa
  3284 | D:5      | Entered Level 5 of the Dungeon
  3380 | D:5      | Found Diys's Weapon Shop.
  3400 | D:5      | Bought a +0 scimitar for 44 gold pieces
  3425 | D:5      | Reached XP level 7. HP: 32/36 MP: 16/19
  3451 | D:5      | Reached skill level 8 in Spellcasting
  3713 | D:5      | Found a transporter.
  3734 | D:5      | Found a transporter.
  3737 | D:5      | Noticed Peloso's ghost (novice MiFi)
  4150 | D:4      | Found a hazy altar of Hepliaklqana.
  4254 | D:4      | Found a sparkling altar of Nemelex Xobeh.
  4401 | D:3      | You fall into a shaft and drop 2 floors!
  4426 | D:4      | Found a staircase to the Ecumenical Temple.
  4602 | Temple   | Entered the Ecumenical Temple
  4618 | Temple   | Became a worshipper of Vehumet
  4810 | D:4      | Learned a level 5 spell: Freezing Cloud
  5012 | D:4      | Found a broken altar of Ashenzari.
  5016 | D:4      | Saw a vision of the Shoals and the Snake Pit.
  5016 | D:4      | Noticed a merfolk
  5016 | D:4      | Noticed a skyshark
  5016 | D:4      | Noticed a black mamba
  5016 | D:4      | Noticed a snapping turtle
  5016 | D:4      | Noticed a cyclops
  5016 | D:4      | Noticed a guardian serpent
  5016 | D:4      | Noticed a black mamba
  5016 | D:4      | Noticed a black mamba
  5016 | D:4      | Noticed a black mamba
  5016 | D:4      | Noticed a sea snake
  5016 | D:4      | Noticed a guardian serpent
  5017 | D:4      | Noticed a wind drake
  5017 | D:4      | Noticed a mana viper
  5017 | D:4      | Noticed a merfolk impaler
  5017 | D:4      | Noticed a water elemental
  5018 | D:4      | Noticed a mana viper
  5018 | D:4      | Noticed a black mamba
  5019 | D:4      | Noticed a naga mage
  5530 | D:5      | Noticed Ijyb
  5536 | D:5      | Killed Ijyb
  5537 | D:5      | Reached skill level 9 in Spellcasting
  5550 | D:5      | Reached XP level 8. HP: 37/41 MP: 17/23
  5635 | D:5      | Noticed Prince Ribbit
  5640 | D:5      | Killed Prince Ribbit
  5770 | D:5      | Reached skill level 10 in Spellcasting
  6138 | D:5      | Slain by Peloso's ghost

Illustrated notes

Levels and vault maps discovered:
D:1:      co_arrival_random_square_maze, layout_rooms,
          shapermc_ecumenical_altar_mp_vishouse, kennysheep_crisscross,
          grunt_decor_one_mirror, minmay_bisected
D:2:      layout_loops_cross, serial_undead, serial_undead_d, serial_undead_f,
          serial_undead_f, serial_undead_a, nrook_mini_vaults,
          serial_bayou_lake_a
D:3:      layout_rooms, nzn_overflow_gifts_of_might_and_magic, minmay_pentangle
D:4:      layout_basic, grunt_ashenzari_visionary
          [grunt_ashenzari_visionary_shoals, grunt_ashenzari_visionary_snake],
          mainiacjoe_overflow_brackets, nicolae_hepliaklqana_hazy_memory,
          minmay_temple_entry_overgrown
D:5:      layout_loops_corners, gammafunk_ghost_stat_death, serial_shops,
          nicolae_shop_bloodbath_and_beyond, uniq_prince_ribbit1, uniq_ijyb
D:6:      layout_loops_ring, makhleb_altar_promises_db,
          mainiacjoe_overflow_concentric_impassable,
          mainiacjoe_overflow_small_starburst, uniq_eustachio, uniq_duvessa
D:7:      layout_loops_ring, nicolae_gozag_cash_rules_everything_around_me
Temple:   hellmonk_temple_beads

Skill      XL: |  1  2  3  4  5  6  7  8 |
---------------+-------------------------+-----
Spellcasting   | 4 5 6 7 9 10 | 10.0
Conjurations   | 5 6 7 8 9 |  9.2
Dodging        | |  2.4
Stealth        | |  2.4

Action                     |  1- 3 |  4- 6 |  7- 9 || total
---------------------------+-------+-------+-------++-------
  Melee: Unarmed           |     1 |    71 |       ||    72
         Punch             |       |     3 |     5 ||     8
         Scimitar          |       |     1 |   190 ||   191
   Cast: Magic Dart        |    54 |   149 |    51 ||   254
         Searing Ray       |     1 |    11 |    14 ||    26
         Momentum Strike   |       |     5 |     6 ||    11
         Foxfire           |       |       |     1 ||     1
         Iskenderun's Myst |       |       |    16 ||    16
         Fulminant Prism   |       |       |     3 ||     3
    Use: Potion            |     1 |       |     5 ||     6
 Armour: Robe              |     1 |     4 |     3 ||     8
  Dodge: Dodged            |    17 |    44 |    59 ||   120
